HSSL
COWETA HS TIGERS @ EVANS HS KNIGHTS
05/05/2026
 
TOP OF THE 1ST
Coweta HS Tigers batting - Pitching for Evans HS Knights : RHP Roberto Castillo
Pitching: RHP Roberto Castillo
Batting: LHB Jamie Walker 0-0: Called Strike
0-1: Ball
1-1: Foul Ball, location: 2F
1-2: Ball
2-2: SINGLE (Line Drive, 9LS)
Batting: RHB Dusty Green 0-0: Ball
Jamie Walker is caught stealing 2nd base
1-0: Called Strike
1-1: Foul Ball, location: 2F
1-2: Foul Ball, location: 2F
1-2: Strikes out looking
Batting: RHB Luis Brito 0-0: Ball
1-0: Ball
2-0: Ball
3-0: Base on Balls
Batting: LHB John Jones 0-0: Ball
1-0: Ball
2-0: Foul Ball, location: 2F
2-1: Ball
3-1: Base on Balls
Luis Brito to second
Batting: RHB Eddie Fisher 0-0: Ball
1-0: Foul Ball, location: 2F
1-1: 3-RUN HOME RUN (Flyball, 78XD), Distance : 414 ft
Batting: RHB Bill Tremblay 0-0: Ball
1-0: Ball
2-0: SINGLE (Line Drive, 4MD)
Batting: RHB Kevin Burris 0-0: Called Strike
0-1: Ball
1-1: Ball
2-1: Fielders Choice at 2nd, 6-4 (Groundball, 6)
Top of the 1st over - 3 run(s), 3 hit(s), 0 error(s), 0 left on base; Coweta HS 3 - Evans HS 0
BOTTOM OF THE 1ST
Evans HS Knights batting - Pitching for Coweta HS Tigers : RHP Marvin Phelps
Pitching: RHP Marvin Phelps
Batting: LHB Gerald Murphy 0-0: Ball
1-0: Foul Ball, location: 2F
1-1: Ball
2-1: Foul Ball, location: 2F
2-2: Ball
3-2: Base on Balls
Batting: RHB Harvey Mawhinney 0-0: Foul Ball, location: 2F
0-1: Grounds into double play, U6-3 (Groundball, 6M)
Batting: SHB Bryan Atkins 0-0: Called Strike
0-1: SINGLE (Groundball, 56D)
Batting: SHB Brandon Hathaway 0-0: Called Strike
0-1: SINGLE (Groundball, 34D)
Bryan Atkins to second
Runner from 2nd tries for 3rd, SAFE, throw made to third
Batting: RHB Rafael Martínez 0-0: Called Strike
0-1: Swinging Strike
0-2: Ball
1-2: Ball
2-2: Foul Ball, location: 2F
2-2: Hit by Pitch
Brandon Hathaway to second
Batting: RHB Tim Lee 0-0: Called Strike
0-1: Ball
1-1: Ball
2-1: Ball
3-1: Base on Balls
Bryan Atkins scores
Brandon Hathaway to third
Rafael Martínez to second
Batting: LHB Julián Icaza 0-0: Swinging Strike
0-1: Ball
1-1: Called Strike
1-2: SINGLE (Flyball, 7LM)
Brandon Hathaway scores
Rafael Martínez to third
Tim Lee to second
Batting: LHB Nick Weber 0-0: Ball
1-0: Ball
2-0: Ball
3-0: Base on Balls
Rafael Martínez scores
Tim Lee to third
Julián Icaza to second
Batting: LHB Billy Raymond 0-0: Ball
1-0: Foul Ball, location: 2F
1-1: Ball
2-1: Foul Ball, location: 2F
2-2: Fly out, F8 (Flyball, 8LS)
Bottom of the 1st over - 3 run(s), 3 hit(s), 0 error(s), 3 left on base; Coweta HS 3 - Evans HS 3
TOP OF THE 2ND
Coweta HS Tigers batting - Pitching for Evans HS Knights : RHP Roberto Castillo
Batting: RHB Arthur Salyers 0-0: Ball
1-0: Foul Ball, location: 2F
1-1: Foul Ball, location: 2F
1-2: Ball
2-2: Strikes out looking
Batting: RHB Todd Slater 0-0: Ball
1-0: Called Strike
1-1: Ball
2-1: Ball
3-1: Base on Balls
Batting: LHB Jamie Walker 0-0: Swinging Strike
0-1: Ball
1-1: Ball
2-1: Ball
3-1: SINGLE (Groundball, 13) (infield hit)
Todd Slater to second
Batting: RHB Dusty Green 0-0: Ball
1-0: Ball
2-0: Ball
3-0: Called Strike
3-1: Called Strike
3-2: Strikes out swinging
Batting: RHB Luis Brito 0-0: Ball
1-0: Ball
2-0: Ball
3-0: Swinging Strike
3-1: Swinging Strike
3-2: Base on Balls
Todd Slater to third
Jamie Walker to second
Batting: LHB John Jones 0-0: Called Strike
0-1: Ball
1-1: Ball
2-1: Foul Ball, location: 2F
2-2: Strikes out swinging
Top of the 2nd over - 0 run(s), 1 hit(s), 0 error(s), 3 left on base; Coweta HS 3 - Evans HS 3
BOTTOM OF THE 2ND
Evans HS Knights batting - Pitching for Coweta HS Tigers : RHP Marvin Phelps
Batting: LHB Gerald Murphy 0-0: Ball
1-0: SINGLE (Flyball, 8LS)
Batting: RHB Harvey Mawhinney 0-0: Ball
1-0: Ball
2-0: Foul Ball, location: 2F
2-1: Ball
3-1: Base on Balls
Gerald Murphy to second
Batting: SHB Bryan Atkins 0-0: Ball
1-0: Foul Ball, location: 2F
1-1: Fly out, F5 (Popup, 5F)
Batting: SHB Brandon Hathaway 0-0: Ground out 4-3 (Groundball, 4S)
Gerald Murphy to third
Harvey Mawhinney to second
Batting: RHB Rafael Martínez 0-0: 3-RUN HOME RUN (Flyball, 7D), Distance : 402 ft
Batting: RHB Tim Lee 0-0: Fly out, F8 (Flyball, 8RM)
Bottom of the 2nd over - 3 run(s), 2 hit(s), 0 error(s), 0 left on base; Coweta HS 3 - Evans HS 6
TOP OF THE 3RD
Coweta HS Tigers batting - Pitching for Evans HS Knights : RHP Roberto Castillo
Batting: RHB Eddie Fisher 0-0: SINGLE (Groundball, 34D)
Batting: RHB Bill Tremblay 0-0: Ball
1-0: Fly out, F3 (Popup, 23F)
Batting: RHB Kevin Burris 0-0: Called Strike
0-1: Ball
1-1: Called Strike
1-2: Ball
2-2: Ball
3-2: Strikes out swinging
Batting: RHB Arthur Salyers 0-0: Ball
1-0: Ball
2-0: Foul Ball, location: 2F
2-1: Ground out 6-3 (Groundball, 6)
Top of the 3rd over - 0 run(s), 1 hit(s), 0 error(s), 1 left on base; Coweta HS 3 - Evans HS 6
BOTTOM OF THE 3RD
Evans HS Knights batting - Pitching for Coweta HS Tigers : RHP Marvin Phelps
Batting: LHB Julián Icaza 0-0: SINGLE (Line Drive, 4MD)
Batting: LHB Nick Weber 0-0: Called Strike
0-1: Ball
1-1: Ball
2-1: Called Strike
2-2: Strikes out swinging
Batting: LHB Billy Raymond 0-0: Foul Ball, location: 2F
0-1: Ball
1-1: Fly out, F7 (Flyball, 78XD)
Batting: LHB Gerald Murphy 0-0: Ball
1-0: Ball
2-0: Called Strike
2-1: Ball
3-1: Base on Balls
Julián Icaza to second
Batting: RHB Harvey Mawhinney 0-0: Ball
1-0: Called Strike
1-1: Foul Ball, location: 2F
1-2: Foul Ball, location: 2F
1-2: Strikes out looking
Bottom of the 3rd over - 0 run(s), 1 hit(s), 0 error(s), 2 left on base; Coweta HS 3 - Evans HS 6
TOP OF THE 4TH
Coweta HS Tigers batting - Pitching for Evans HS Knights : RHP Roberto Castillo
Batting: RHB Todd Slater 0-0: SINGLE (Line Drive, 56D)
Batting: LHB Jamie Walker 0-0: DOUBLE (Flyball, 8LXD)
Todd Slater to third
Batting: RHB Dusty Green 0-0: Foul Ball, location: 2F
0-1: Ground out 5-3 (Groundball, 56)
Todd Slater scores
Batting: RHB Luis Brito 0-0: Called Strike
0-1: Foul Ball, location: 2F
0-2: Fly out, F7 (Line Drive, 7M)
Pitching: RHP Rob Beck
Batting: LHB John Jones 0-0: Foul Ball, location: 2F
0-1: Ball
1-1: Ball
2-1: Foul Ball, location: 2F
2-2: SINGLE (Groundball, 4MD)
Jamie Walker to third
Runner from 3rd tries for Home, SAFE, no throw or cutoff
Batting: RHB Eddie Fisher Pickoff Throw to First - Out!
Top of the 4th over - 2 run(s), 3 hit(s), 0 error(s), 0 left on base; Coweta HS 5 - Evans HS 6
BOTTOM OF THE 4TH
Evans HS Knights batting - Pitching for Coweta HS Tigers : RHP Marvin Phelps
Batting: SHB Bryan Atkins 0-0: Ball
1-0: Called Strike
1-1: Ball
2-1: Fly out, F9 (Line Drive, 9M)
Batting: SHB Brandon Hathaway 0-0: Called Strike
0-1: Swinging Strike
0-2: Foul Ball, location: 2F
0-2: Foul Ball, location: 2F
0-2: Strikes out looking
Batting: RHB Rafael Martínez 0-0: Ball
1-0: Ball
2-0: Foul Ball, location: 2F
2-1: Ball
3-1: Base on Balls
Pitching: RHP Mario Salazar
Batting: RHB Tim Lee 0-0: Ball
1-0: Called Strike
1-1: Ground out 5-3 (Groundball, 5L)
Bottom of the 4th over - 0 run(s), 0 hit(s), 0 error(s), 1 left on base; Coweta HS 5 - Evans HS 6
TOP OF THE 5TH
Coweta HS Tigers batting - Pitching for Evans HS Knights : RHP Rob Beck
Batting: RHB Eddie Fisher 0-0: Ball
1-0: Called Strike
1-1: Ball
2-1: Ball
3-1: SOLO HOME RUN (Flyball, 78XD), Distance : 429 ft
Batting: RHB Bill Tremblay 0-0: Fly out, F8 (Flyball, 8RM)
Batting: RHB Kevin Burris 0-0: Ball
1-0: Ball
2-0: Ground out 1-3 (Groundball, 13S)
Batting: RHB Arthur Salyers 0-0: Ball
1-0: Ball
2-0: Foul Ball, location: 2F
2-1: Foul Ball, location: 2F
2-2: Strikes out swinging
Top of the 5th over - 1 run(s), 1 hit(s), 0 error(s), 0 left on base; Coweta HS 6 - Evans HS 6
BOTTOM OF THE 5TH
Evans HS Knights batting - Pitching for Coweta HS Tigers : RHP Mario Salazar
Batting: LHB Julián Icaza 0-0: Ball
1-0: Ball
2-0: Ground out 3-1 (Groundball, 3)
Batting: LHB Nick Weber 0-0: Swinging Strike
0-1: Ball
1-1: Ground out 4-3 (Groundball, 34)
Batting: LHB Billy Raymond 0-0: Called Strike
0-1: Ball
1-1: Swinging Strike
1-2: Strikes out looking
Bottom of the 5th over - 0 run(s), 0 hit(s), 0 error(s), 0 left on base; Coweta HS 6 - Evans HS 6
TOP OF THE 6TH
Coweta HS Tigers batting - Pitching for Evans HS Knights : RHP Rob Beck
Batting: RHB Todd Slater 0-0: Ball
1-0: Ball
2-0: Bunt for hit - play at first, batter OUT! 3-4
Batting: LHB Jamie Walker 0-0: Ball
1-0: Ball
2-0: Foul Ball, location: 2F
2-1: Ball
3-1: Base on Balls
Batting: RHB Dusty Green 0-0: Ball
1-0: Ball
2-0: Called Strike
2-1: Ball
3-1: Called Strike
3-2: Fly out, F3 (Popup, 3SF)
Batting: RHB Luis Brito 0-0: Ball
1-0: Ball
2-0: Called Strike
2-1: Foul Ball, location: 2F
2-2: Ball
3-2: Ground out 4-3 (Groundball, 4)
Top of the 6th over - 0 run(s), 0 hit(s), 0 error(s), 1 left on base; Coweta HS 6 - Evans HS 6
BOTTOM OF THE 6TH
Evans HS Knights batting - Pitching for Coweta HS Tigers : RHP Mario Salazar
Batting: LHB Gerald Murphy 0-0: Ball
1-0: Foul Ball, location: 2F
1-1: Called Strike
1-2: Strikes out looking
Batting: RHB Harvey Mawhinney 0-0: Called Strike
0-1: SINGLE (Groundball, 6MD)
Batting: SHB Bryan Atkins 0-0: Ball
1-0: Foul Ball, location: 2F
1-1: Ball
2-1: Called Strike
2-2: Ball
3-2: Strikes out looking
Batting: SHB Brandon Hathaway 0-0: Ball
1-0: Called Strike
1-1: Ball
2-1: Called Strike
2-2: Ball
3-2: Foul Ball, location: 2F
3-2: Base on Balls
Harvey Mawhinney to second
Batting: RHB Rafael Martínez 0-0: Foul Ball, location: 2F
0-1: Ball
1-1: Ground out 1-3 (Groundball, 13)
Bottom of the 6th over - 0 run(s), 1 hit(s), 0 error(s), 2 left on base; Coweta HS 6 - Evans HS 6
TOP OF THE 7TH
Coweta HS Tigers batting - Pitching for Evans HS Knights : RHP Rob Beck
Pitching: RHP Ron Williams
Batting: LHB John Jones 0-0: Called Strike
0-1: SINGLE (Groundball, 25) (infield hit)
Batting: RHB Eddie Fisher 0-0: Foul Ball, location: 2F
0-1: Ball
1-1: Fly out, F9 (Flyball, 9LM)
Batting: RHB Bill Tremblay 0-0: Called Strike
0-1: Ball
1-1: Swinging Strike
Balk!
John Jones to second
1-2: Ball
2-2: SINGLE (Groundball, 6MD)
John Jones to third
Runner from 3rd tries for Home, SAFE, throw made home
Bill Tremblay to second
Batting: RHB Kevin Burris 0-0: Called Strike
0-1: Swinging Strike
0-2: Ball
1-2: Ball
2-2: Ball
3-2: Strikes out looking
Batting: RHB Arthur Salyers 0-0: Ball
1-0: Ground out 5-3 (Groundball, 5)
Top of the 7th over - 1 run(s), 2 hit(s), 0 error(s), 1 left on base; Coweta HS 7 - Evans HS 6
BOTTOM OF THE 7TH
Evans HS Knights batting - Pitching for Coweta HS Tigers : RHP Mario Salazar
Pitching: RHP Billy Cole
Batting: RHB Tim Lee 0-0: Ball
1-0: Ball
2-0: Fly out, F9 (Flyball, 9S)
Batting: LHB Julián Icaza 0-0: Ball
1-0: Called Strike
1-1: Swinging Strike
1-2: Ball
2-2: Ball
3-2: Base on Balls
Batting: LHB Nick Weber 0-0: Called Strike
0-1: Foul Ball, location: 2F
0-2: Ball
1-2: Ball
Julián Icaza steals 2nd base
2-2: Ball
3-2: Ground out 4-3 (Groundball, 4)
Julián Icaza to third
Batting: LHB Billy Raymond 0-0: Ball
1-0: Fly out, F9 (Flyball, 9M)
Bottom of the 7th over - 0 run(s), 0 hit(s), 0 error(s), 1 left on base; Coweta HS 7 - Evans HS 6
TOP OF THE 8TH
Coweta HS Tigers batting - Pitching for Evans HS Knights : RHP Ron Williams
Batting: RHB Todd Slater 0-0: Ball
1-0: Ball
2-0: Ground out 6-3 (Groundball, 6)
Batting: LHB Jamie Walker 0-0: Ball
1-0: Called Strike
1-1: SOLO HOME RUN (Flyball, 89XD), Distance : 410 ft
Batting: RHB Dusty Green 0-0: Ball
1-0: Swinging Strike
1-1: Swinging Strike
1-2: Strikes out looking
Batting: RHB Luis Brito 0-0: Called Strike
0-1: Foul Ball, location: 2F
0-2: Ball
1-2: Ball
2-2: Ball
3-2: Foul Ball, location: 2F
3-2: SINGLE (Groundball, 6MD)
Batting: LHB John Jones 0-0: Swinging Strike
0-1: Foul Ball, location: 2F
0-2: Ball
1-2: Strikes out swinging
Top of the 8th over - 1 run(s), 2 hit(s), 0 error(s), 1 left on base; Coweta HS 8 - Evans HS 6
BOTTOM OF THE 8TH
Evans HS Knights batting - Pitching for Coweta HS Tigers : RHP Billy Cole
Batting: LHB Gerald Murphy 0-0: Ball
1-0: Ball
2-0: Ball
3-0: Base on Balls
Pitching: RHP Octávio Durán
Batting: RHB Harvey Mawhinney 0-0: Called Strike
0-1: Fly out, F9 (Line Drive, 89M)
Batting: SHB Bryan Atkins 0-0: Ball
Wild Pitch!
Gerald Murphy to second
1-0: Ground out U3 (Groundball, 3L)
Gerald Murphy to third
Pitching: LHP José Agámez
Batting: SHB Brandon Hathaway 0-0: Ball
1-0: Called Strike
1-1: Ball
2-1: Ball
3-1: Base on Balls
Pinch Hitting: RHB Fernando Rosales 0-0: Swinging Strike
0-1: Called Strike
0-2: Foul Ball, location: 2F
0-2: Ball
1-2: Ball
2-2: Ball
3-2: Foul Ball, location: 2F
3-2: Base on Balls
Brandon Hathaway to second
Batting: RHB Tim Lee 0-0: SINGLE (Groundball, 34)
Gerald Murphy scores
Brandon Hathaway to third
Fernando Rosales to second
Runner from 3rd tries for Home, SAFE, throw made home
Fernando Rosales to third
Tim Lee to second
Now in RF: Brian Andrews
Batting: LHB Julián Icaza 0-0: Ball
1-0: Ball
2-0: Foul Ball, location: 2F
2-1: SINGLE (Groundball, 6MD)
Fernando Rosales scores
Tim Lee to third
Runner from 3rd tries for Home, SAFE, no throw or cutoff
Batting: LHB Nick Weber 0-0: Ball
Julián Icaza is caught stealing 2nd base
Bottom of the 8th over - 4 run(s), 2 hit(s), 0 error(s), 0 left on base; Coweta HS 8 - Evans HS 10
TOP OF THE 9TH
Coweta HS Tigers batting - Pitching for Evans HS Knights : RHP Ron Williams
Pitching: LHP Mel Hart
Now at 3B: Michael Wilson
Batting: RHB Eddie Fisher 0-0: Ball
1-0: Ball
2-0: Ball
3-0: Base on Balls
Batting: RHB Bill Tremblay 0-0: Ball
1-0: Called Strike
1-1: Swinging Strike
1-2: Foul Ball, location: 2F
1-2: Strikes out swinging
Batting: RHB Kevin Burris 0-0: SINGLE (Flyball, 8RS)
Eddie Fisher to second
Batting: RHB Arthur Salyers 0-0: Called Strike
0-1: Called Strike
0-2: Foul Ball, location: 2F
0-2: Strikes out looking
Batting: RHB Todd Slater 0-0: Foul Ball, location: 2F
0-1: Ball
1-1: Ground out 6-3 (Groundball, 6)
Top of the 9th over - 0 run(s), 1 hit(s), 0 error(s), 2 left on base; Coweta HS 8 - Evans HS 10
Monday, December 5th, 2016 - OOTP Baseball 17.12 Build 75